AoeStats
← Goose2210

Arabia

510868823Analyzed
2v2 RM · 20h ago on Oct 2, 2026· 44m 17s· 4 players
Game mode
Random Map
Map size
Medium (4 player)
Population
200
Speed
Normal
Resources
Standard
Victory
Conquest
Starting age
Dark Age
Ending age
Imperial Age
RankedLock teamsTeams togetherTeam positionsShared explorationLock speedFull tech treeHidden civsTurbo modeCheats
Victory
Defeat
🇨🇴 Burgundians · Colombia
1166
+14
🇺🇸 Chinese · United States
1158
+15
🇦🇷 Slavs · Argentina
1140
-15
🇦🇷 Vietnamese · Argentina
1117
-14
La Fumoneta
6:35 Loom
6:39 Loom
10:18 Feudal Age
21:42 Castle Age
20:44 Bloodlines
21:00 Forging
20:48 Double-Bit Axe
20:45 Horse Collar
22:44 Husbandry
22:47 Heavy Plow
23:05 Bow Saw
27:08 Iron Casting
27:11 Scale Barding Armor
29:48 Wheelbarrow
33:36 Chain Barding Armor
35:00 Hand Cart
42:46 Imperial Age
42:51 Heavy Scorpion
43:02 Cavalier
Zielort
7:18 Loom
10:09 Feudal Age
10:24 Man-at-Arms
15:30 Fletching
23:10 Castle Age
21:03 Gold Mining
23:52 Bodkin Arrow
23:20 Crossbowman
25:26 Double-Bit Axe
25:23 Horse Collar
28:01 Stone Mining
30:57 Stone Shaft Mining
31:02 Wheelbarrow
35:02 Hand Cart
36:52 Ballistics
37:38 Padded Archer Armor
38:51 Leather Archer Armor
42:57 Imperial Age
43:04 Arbalester
44:19 Bracer
45:23 Chemistry
Pimbo
0:26 Loom
10:57 Feudal Age
11:38 Double-Bit Axe
17:06 Horse Collar
19:11 Wheelbarrow
18:29 Gold Mining
18:35 Fletching
18:45 Padded Archer Armor
23:10 Castle Age
23:22 Crossbowman
24:08 Thumb Ring
23:25 Pikeman
24:03 Bodkin Arrow
24:24 Leather Archer Armor
25:42 Scale Mail Armor
26:25 Bow Saw
28:23 Hand Cart
28:40 Forging
29:14 Town Watch
30:28 Ballistics
31:51 Squires
33:20 Stone Mining
35:16 Arson
39:21 Imperial Age
38:31 Great Wall
39:20 Heavy Plow
39:26 Halberdier
42:38 Conscription
41:55 Arbalester
Goose2210
5:14 Double-Bit Axe
6:34 Loom
9:45 Feudal Age
11:30 Bow Saw
18:52 Fletching
19:34 Horse Collar
24:38 Castle Age
22:39 Gold Mining
22:57 Arson
23:22 Heavy Plow
24:01 Gold Shaft Mining
23:35 Padded Archer Armor
24:58 Elite Skirmisher
25:35 Bodkin Arrow
26:16 Leather Archer Armor
26:47 Scale Mail Armor
27:44 Squires
29:02 Crop Rotation
30:42 Ballistics
32:02 Wheelbarrow
31:37 Stone Mining
32:21 Chain Mail Armor
33:03 Forging
34:37 Hand Cart
35:17 Iron Casting
36:01 Stone Shaft Mining
39:35 Imperial Age
41:25 Chemistry
43:04 Bracer
Connection lost

Rejoining the realm…

Still unreachable

The connection could not be restored.

Session expired

The server has moved on; the page needs a fresh start.